 Dungeon Crawl Stone Soup version 0.20.1-1-g8b1a95d (webtiles) character file.

8726 ucho the Cleaver (level 11, 0/145 HPs)
             Began as a Minotaur Berserker on Dec 3, 2017.
             Was a High Priest of Trog.
             Slain by an eight-headed hydra (14 damage)
             ... on level 10 of the Dungeon.
             The game lasted 00:29:40 (7803 turns).

ucho the Cleaver (Minotaur Berserker)               Turns: 7803, Time: 00:29:41

Health: 0/145      AC: 14    Str: 27    XL:     11   Next: 13%
Magic:  10/10      EV: 16    Int:  4    God:    Trog [*****.]
Gold:   394        SH:  0    Dex: 13    Spells: 10/10 levels left

rFire    . . .     SeeInvis .   t - +0 war axe
rCold    . . .     Gourm    .   (no shield)
rNeg     . . .     Faith    .   H - +5 ring mail of the Monkey {rCorr}
rPois    .         Spirit   .   (helmet restricted)
rElec    .         Reflect  .   F - +0 cloak
rCorr    +         Harm     .   (no gloves)
MR       .....                  y - +0 pair of boots
Stlth    ..........             x - amulet of regeneration
Regen    0.8/turn               (no ring)
MPRegen  0.2/turn               (no ring)

@: berserking, very quick
A: retaliatory headbutt, horns 2
a: Berserk, Trog's Hand, Brothers in Arms, Burn Spellbooks, Renounce Religion


You were on level 10 of the Dungeon.
You worshipped Trog.
Trog was extremely pleased with you.
You were very hungry.

You visited 2 branches of the dungeon, and saw 11 of its levels.

You collected 394 gold pieces.

Inventory:

Hand Weapons
 a - a +0 hand axe
 t - a +0 war axe (weapon)
Armour
 y - a +0 pair of boots (worn)
 F - a +0 cloak (worn)
 H - the +5 ring mail of the Monkey (worn) {rCorr}
   (You found it on level 8 of the Dungeon)

   It protects you from acid and corrosion.
Jewellery
 x - an amulet of regeneration (around neck)
Wands
 r - a wand of disintegration (0/24)
 J - a wand of enslavement (13/24)
Scrolls
 b - 3 scrolls of enchant weapon
 h - 2 scrolls of noise {unknown}
 m - 6 scrolls of remove curse
 p - 2 scrolls of recharging {unknown}
 q - 4 scrolls of teleportation
 v - 2 scrolls of immolation {unknown}
 z - 2 scrolls of fog {unknown}
 A - 2 scrolls of magic mapping {unknown}
 D - a scroll of fear {unknown}
 K - 3 scrolls of amnesia {unknown}
 L - a scroll of acquirement {unknown}
Potions
 d - 2 potions of haste
 e - a potion of lignification
 g - 2 potions of invisibility
 j - a potion of flight
 k - 2 potions of heal wounds
 n - a potion of might
 o - a potion of cancellation
 s - 2 potions of agility
 u - a potion of curing {unknown}
 B - a potion of brilliance {unknown}
 C - a potion of magic {unknown}
 E - a potion of mutation {unknown}
 I - a potion of resistance {unknown}
Comestibles
 c - 4 bread rations
 f - 5 chunks of flesh
 i - 7 meat rations
 l - 4 royal jellies
 w - 20 fruits


   Skills:
 + Level 9.6 Fighting
 * Level 13.8 Axes
 + Level 9.4 Armour
 + Level 8.3 Dodging


You had 10 spell levels left.
You didn't know any spells.

Dungeon Overview and Level Annotations

Branches:
Dungeon (10/15)            Temple (1/1) D:7            Lair (0/6) D:9
    Orc: D:9-12

Altars:
Ashenzari
Cheibriados
Dithmenos
Elyvilon
Fedhas
Gozag
Hepliaklqana
Kikubaaqudgha
Makhleb
Nemelex Xobeh
Okawaru
Qazlal
Ru
Sif Muna
Trog
Uskayaw
Vehumet
Xom
Yredelemnul
Zin
The Shining One

Shops:
D:9 [


Innate Abilities, Weirdness & Mutations

You reflexively headbutt those who attack you in melee.
You have a pair of horns on your head.


Message History

The five-headed hydra is heavily wounded.
The five-headed hydra misses you. The five-headed hydra bites you.
* * * LOW HITPOINT WARNING * * *
The five-headed hydra bites you but does no damage.
The five-headed hydra closely misses you.
The five-headed hydra bites you but does no damage.
You chop one of the five-headed hydra's heads off!
The four-headed hydra grows two more!
You slice the six-headed hydra!!
The six-headed hydra is heavily wounded.
The big kobold throws a stone.
The stone barely misses you.
You hack one of the six-headed hydra's heads off!
The five-headed hydra grows two more!
You slash the seven-headed hydra!
The seven-headed hydra is heavily wounded.
You lop one of the seven-headed hydra's heads off!
The six-headed hydra grows two more!
You slice the eight-headed hydra!! You headbutt the eight-headed hydra!
The eight-headed hydra is severely wounded.
The eight-headed hydra bites you but does no damage.
The eight-headed hydra bites you!
You die...

####.#######..#.....>.......
#..........#.............
#.##########.............
#.#PP≈P.+).##............
#.#P≈≈≈≈#.K##............
#.#≈)P≈P##'##............
#.#.....#..######........
#..≈....D..#....##'######
#.#...P.@..#.............
#.#≈....'..#.............
..#....(#..#.............
...##########.............
####. ................ .
.......|........
.................
############....# #..###


You could see an eight-headed hydra and a big kobold.

Vanquished Creatures
  A two-headed ogre (D:9)
  The ghost of Frank the Carver, a novice OpFi of the Shining One (D:7)
  The ghost of homeworkjunkie the Cleaver, a novice HOFi (D:10)
  Pikel (D:4)
  Prince Ribbit (D:9)
  2 hippogriffs
  2 dream sheep (D:10)
  Sigmund (D:5)
  3 wyverns (D:9)
  2 yaks (D:10)
  A hungry ghost (D:7)
  Edmund (D:6)
  2 water moccasins (D:7)
  3 phantoms
  A sky beast (D:5)
  3 orc warriors
  An ice beast (D:9)
  2 black bears
  7 ogres
  3 centaurs
  A crocodile (D:9)
  2 big kobolds (D:10)
  7 bullfrogs
  A wyvern zombie (D:8)
  4 scorpions
  4 killer bees (D:8)
  7 crimson imps
  A centaur zombie (D:9)
  3 bullfrog zombies
  2 jellies
  Crazy Yiuf (D:6)
  2 centaur skeletons
  2 hounds
  5 orc priests
  A bullfrog skeleton (D:8)
  2 iguanas (D:9)
  10 orc wizards
  Natasha (thrice) (D:4)
  5 worker ants
  2 worker ant zombies
  A gnoll (D:1)
  10 adders
  2 shadow imps
  3 oozes
  An adder zombie (D:9)
  A worm (D:4)
  11 dart slugs
  2 leopard geckos
  18 orcs
  2 ball pythons
  5 bats
  6 giant cockroaches
  4 goblins (D:3)
  6 hobgoblins
  10 jackals
  4 quokkas
  A ball python skeleton (D:4)
  6 frilled lizards
  5 kobolds
  A quokka skeleton (D:8)
  9 rats
212 creatures vanquished.

Vanquished Creatures (others)
  An acid dragon (D:9)
  A bullfrog skeleton (D:4)
  An iguana (D:4)
  An adder (D:4)
  An ooze (D:4)
  A dart slug (D:4)
6 creatures vanquished.

Grand Total: 218 creatures vanquished

Notes
Turn   | Place    | Note
-------+----------+-------------------------------------------
     0 | D:1      | ucho the Minotaur Berserker began the quest for the Orb.
     0 | D:1      | Reached XP level 1. HP: 19/19 MP: 0/0
    67 | D:1      | Reached skill level 4 in Axes
   112 | D:1      | Reached XP level 2. HP: 26/26 MP: 1/1
   325 | D:1      | Reached skill level 5 in Axes
   325 | D:1      | Reached XP level 3. HP: 28/31 MP: 2/2
   600 | D:2      | Found a bloodstained altar of Trog.
   667 | D:2      | You fall through a shaft for 2 floors!
   678 | D:4      | Noticed Natasha
   683 | D:4      | Killed Natasha
   683 | D:4      | Reached ** piety under Trog
   683 | D:4      | Reached skill level 6 in Axes
   683 | D:4      | Reached XP level 4. HP: 39/39 MP: 3/3
   896 | D:4      | Reached XP level 5. HP: 35/46 MP: 4/4
   914 | D:4      | Noticed a phantom
   924 | D:4      | Killed a phantom
   924 | D:4      | Reached skill level 7 in Axes
   926 | D:4      | Reached XP level 6. HP: 52/52 MP: 5/5
   995 | D:4      | Noticed Pikel
   995 | D:4      | Noticed a slave
   996 | D:4      | Noticed a slave
   996 | D:4      | Noticed a slave
  1003 | D:4      | Killed Pikel
  1003 | D:4      | Reached skill level 5 in Fighting
  1003 | D:4      | Reached skill level 8 in Axes
  1003 | D:4      | Reached XP level 7. HP: 61/61 MP: 6/6
  1481 | D:2      | Found a glowing golden altar of the Shining One.
  1680 | D:3      | Found a radiant altar of Vehumet.
  1835 | D:3      | Reached *** piety under Trog
  2016 | D:3      | Reached skill level 9 in Axes
  2172 | D:4      | Reached skill level 5 in Armour
  2172 | D:4      | Reached XP level 8. HP: 32/69 MP: 7/7
  2317 | D:4      | Noticed Natasha
  2326 | D:4      | Killed Natasha
  2394 | D:4      | Noticed Natasha
  2398 | D:4      | Killed Natasha
  2535 | D:5      | Entered Level 5 of the Dungeon
  2719 | D:5      | Found a shadowy altar of Dithmenos.
  2885 | D:5      | You fall through a shaft for 3 floors!
  2894 | D:8      | Noticed a hippogriff
  2911 | D:8      | Killed a hippogriff
  2911 | D:8      | Reached skill level 5 in Dodging
  2992 | D:8      | Reached skill level 10 in Axes
  3436 | D:5      | Reached **** piety under Trog
  3443 | D:5      | Reached XP level 9. HP: 77/78 MP: 8/8
  3961 | D:6      | Noticed Sigmund
  4007 | D:5      | Killed Sigmund
  4143 | D:6      | Reached skill level 11 in Axes
  4190 | D:6      | Found a blossoming altar of Fedhas.
  4190 | D:6      | Found a white marble altar of Elyvilon.
  4191 | D:6      | Found a snail-covered altar of Cheibriados.
  4191 | D:6      | Found a glowing silver altar of Zin.
  4361 | D:6      | You fall through a shaft!
  4792 | D:6      | Noticed Edmund
  4807 | D:6      | Killed Edmund
  4858 | D:6      | Found a runed door.
  4864 | D:6      | Noticed Crazy Yiuf
  4868 | D:6      | Killed Crazy Yiuf
  4983 | D:7      | Noticed Frank's ghost (novice OpFi)
  4995 | D:7      | Killed Frank's ghost
  4995 | D:7      | Reached skill level 12 in Axes
  5038 | D:7      | Reached XP level 10. HP: 79/88 MP: 9/9
  5137 | D:7      | Found a staircase to the Ecumenical Temple.
  5142 | Temple   | Entered the Ecumenical Temple
  5918 | D:8      | Got a warped ring mail
  5934 | D:8      | Identified the +5 ring mail of the Monkey {rCorr} (You found it on level 8 of the Dungeon)
  6007 | D:8      | Reached ***** piety under Trog
  6354 | D:9      | Found Toesaa's Antique Armour Shoppe.
  6472 | D:9      | Found a hide-covered altar of Uskayaw.
  6620 | D:9      | Found a staircase to the Lair.
  6633 | D:9      | Noticed a two-headed ogre
  6640 | D:9      | Killed a two-headed ogre
  6640 | D:9      | Reached skill level 13 in Axes
  6773 | D:9      | Noticed Prince Ribbit
  6777 | D:9      | Killed Prince Ribbit
  7265 | D:10     | Entered Level 10 of the Dungeon
  7504 | D:10     | Noticed homeworkjunkie's ghost (novice HOFi)
  7514 | D:10     | Killed homeworkjunkie's ghost
  7514 | D:10     | Reached XP level 11. HP: 97/97 MP: 10/10
  7787 | D:10     | Noticed a two-headed hydra
  7803 | D:10     | Slain by an eight-headed hydra

Skill      XL: |  1  2  3  4  5  6  7  8  9 10 |
---------------+-------------------------------+-----
Axes           | 4 5 6 7 8 9 10 12 13 | 13.8
Fighting       | 4 5 6 8 9 |  9.6
Armour         | 3 4 5 6 7 9 |  9.4
Dodging        | 4 5 6 8 |  8.3

Action                   |  1- 3 |  4- 6 |  7- 9 | 10-12 || total
-------------------------+-------+-------+-------+-------++-------
Melee: Hand axe          |    53 |    45 |   257 |       ||   355
       Headbutt          |    10 |    12 |    69 |    48 ||   139
       War axe           |       |       |    89 |   196 ||   285
Invok: Berserk           |     3 |     2 |     9 |     5 ||    19
       Trog's Hand       |       |       |     2 |     1 ||     3
       Burn Spellbooks   |       |       |     1 |     1 ||     2
Evoke: Wand              |       |       |       |     6 ||     6
  Use: Scroll            |       |       |    10 |     4 ||    14
 Stab: Sleeping          |     1 |       |       |       ||     1
       Distracted        |       |       |       |     1 ||     1
  Eat: Chunk             |     1 |     3 |    16 |     8 ||    28
       Royal jelly       |       |       |     2 |     2 ||     4
       Fruit             |       |       |     4 |     1 ||     5
Armor: Troll leather arm |    18 |     8 |    10 |       ||    36
       Animal skin       |     1 |       |       |       ||     1
       Scale mail        |       |       |    56 |       ||    56
       Plate armour      |       |       |    29 |    15 ||    44
       Chain mail        |       |       |     8 |       ||     8
       Ring mail         |       |       |       |    45 ||    45
Dodge: Dodged            |    28 |    20 |   174 |   103 ||   325
